 Dungeon Crawl Stone Soup version 0.18-a0-19-g8b99b3a (webtiles) character file.

746 Raultor the Shield-Bearer (level 7, -8/41 HPs)
             Began as a Gargoyle Fighter on Nov 1, 2015.
             Mangled by an orc warrior
             ... wielding a cursed -3 hand axe
              (13 damage)
             ... on level 5 of the Dungeon.
             The game lasted 00:09:01 (3384 turns).

Raultor the Shield-Bearer (Gargoyle Fighter)        Turns: 3384, Time: 00:09:01

Health: -8/41      AC: 13    Str: 26    XL:     7   Next: 77%
Magic:  7/7        EV:  8    Int:  8    God:
Gold:   153        SH: 11    Dex: 10    Spells: 0 memorised, 6 levels left

rFire  . . .     SeeInvis .     a - +0 flail
rCold  . . .     Clarity  .     b - +0 scale mail
rNeg   + + +     SustAt   .     c - +0 shield
rPois  ∞         Gourm    .     t - +0 helmet
rElec  +         Spirit   .     (no cloak)
rCorr  .         Warding  .     (no gloves)
rMut   .         Stasis   .     (no boots)
MR     .....                    (no amulet)
Stlth  ..........               x - ring of positive energy
                                E - ring of positive energy

@: mighty, not resistant to hostile enchantments, extremely unstealthy
A: negative energy resistance 1, electricity resistance, unbreathing,
petrification resistance, rot immunity, AC +4
a: no special abilities


You were on level 5 of the Dungeon.
You were not hungry.

You visited 1 branch of the dungeon, and saw 5 of its levels.

You collected 153 gold pieces.

Inventory:

Hand Weapons
 a - a +0 flail (weapon)
Missiles
 n - 8 javelins of penetration (quivered)
 p - 7 javelins
 D - a throwing net
Armour
 b - a +0 scale mail (worn)
 c - a +0 shield (worn)
 g - a +0 leather armour of fire resistance
 t - a +0 helmet (worn)
Jewellery
 q - an uncursed ring of flight
 x - a ring of positive energy (right hand)
 E - a ring of positive energy (left hand)
Wands
 C - a wand of cold (4)
Scrolls
 f - 5 scrolls of teleportation {unknown}
 i - a scroll of remove curse {unknown}
 l - a scroll of fog {unknown}
 r - a scroll of immolation {unknown}
 s - a scroll of noise {unknown}
 u - 4 scrolls of identify {unknown}
 y - a scroll of enchant weapon {unknown}
Potions
 d - a potion of might
 j - 2 potions of degeneration {unknown}
 m - 2 potions of heal wounds {unknown}
 o - a potion of agility {unknown}
 v - 2 potions of curing {unknown}
 w - a potion of poison {unknown}
 z - a potion of flight {unknown}
 A - 2 potions of magic {unknown}
Comestibles
 e - 3 bread rations
 h - a fruit
 k - 4 meat rations
 B - 3 chunks of flesh


   Skills:
 - Level 3.2 Fighting
 * Level 5.8 Maces & Flails
 + Level 5.4 Armour
 + Level 6.2 Shields


You had 6 spell levels left.
You didn't know any spells.

Dungeon Overview and Level Annotations

Branches:
Dungeon (5/15)
 Temple: D:4-7

Altars:
Fedhas
Yredelemnul

Shops:
D:4 (


Innate Abilities, Weirdness & Mutations

You are resistant to torment.
Your stone body is resilient (AC +4).
You are immune to poison.
You resist negative energy.
You are resistant to electric shocks.
You can survive without breathing.
You are immune to petrification.
You are immune to rotting.


Message History

The orc warrior is severely wounded.
The orc warrior hits you with a hand axe!
* * * LOW HITPOINT WARNING * * *
You block the orc's attack. The orc closely misses you.
Drink which item? (? for menu, Esc to quit)
You feel very mighty all of a sudden. The orc warrior closely misses you.
The orc barely misses you. You block the orc's attack.
You barely miss the orc warrior.
The orc warrior is severely wounded.
The orc warrior closely misses you. The orc hits you but does no damage.
The orc hits you but does no damage.
You hit the orc warrior.
The orc warrior is almost dead.
The orc warrior hits you but does no damage.
You block the orc's attack. x2
You closely miss the orc warrior.
The orc warrior is almost dead.
The orc warrior hits you with a hand axe!
You die...

#......#
##......#.....#
#....))[+.....#
##(.....#.....#
#########......#.....#
.......##......#.....#
.......##......#.....#
$.............o#o....#
..............oo@....#
..............o#o....#
...............#.....#
...............#.....#
################.....#
#######


You could see an orc warrior, an orc priest and 4 orcs.

Vanquished Creatures
  Eustachio (D:4)
  Menkaure (D:4)
  A centaur (D:4)
  A giant frog (D:4)
  2 scorpions (D:4)
  An orc wizard (D:4)
  3 adders
  7 gnolls
  A worm (D:3)
  5 giant geckos
  11 orcs
  11 bats
  3 giant cockroaches
  5 goblins
  9 hobgoblins
  7 kobolds
  2 quokkas
  3 ball pythons
  2 giant gecko skeletons (D:4)
  3 giant newts
  9 jackals
  A jackal skeleton (D:4)
  5 rats
94 creatures vanquished.

Notes
Turn   | Place    | Note
--------------------------------------------------------------
     0 | D:1      | Raultor the Gargoyle Fighter began the quest for the Orb.
     0 | D:1      | Reached XP level 1. HP: 14/14 MP: 1/1
    78 | D:1      | Reached XP level 2. HP: 10/19 MP: 2/2
   227 | D:1      | Reached XP level 3. HP: 23/23 MP: 3/3
   378 | D:1      | Reached skill level 4 in Armour
   950 | D:2      | Reached XP level 4. HP: 21/28 MP: 4/4
  1744 | D:3      | Reached XP level 5. HP: 32/32 MP: 5/5
  1913 | D:4      | Found a basalt altar of Yredelemnul.
  1955 | D:4      | Noticed Eustachio
  1964 | D:4      | Killed Eustachio
  1964 | D:4      | Reached skill level 5 in Shields
  1964 | D:4      | Reached XP level 6. HP: 37/37 MP: 6/6
  2008 | D:4      | Found Xonaics Zaax's Weapon Boutique.
  2385 | D:4      | Found a blossoming altar of Fedhas.
  2558 | D:4      | Noticed Menkaure
  2569 | D:4      | Killed Menkaure
  2569 | D:4      | Reached skill level 5 in Maces & Flails
  2569 | D:4      | Reached skill level 5 in Armour
  2569 | D:4      | Reached XP level 7. HP: 11/41 MP: 7/7
  2781 | D:4      | Reached skill level 6 in Shields
  3291 | D:5      | Entered Level 5 of the Dungeon
  3384 | D:5      | Mangled by an orc warrior

Vault maps used:
D:1:      minmay_arrival_nine_rooms
D:4:      nicolae_overflow_crystal_walls, fedhas_bush_and_centaur_altar,
          first_bread, serial_shops, nicolae_shop_crystal,
          kennysheep_opposing_triangles, uniq_eustachio, uniq_menkaure
D:5:      minmay_temple_entry_junction, hangedman_decor_peaks_small

Action                   |  1- 3 |  4- 6 |  7- 9 || total
-------------------------+-------+-------+-------++-------
Melee: Flail             |   119 |   203 |    80 ||   402
Throw: Javelin           |       |     7 |     6 ||    13
  Use: Potion            |       |       |     1 ||     1
  Eat: Chunk             |       |     6 |     2 ||     8
       Fruit             |       |       |     1 ||     1
